 Dungeon Crawl Stone Soup version 0.18-a0-1797-gc18daef (webtiles) character file.

26 ololoev the Skirmisher (level 3, 26/33 HPs)
             Began as a Hill Orc Fighter on Apr 22, 2016.
             Was a Follower of Fedhas.
             Quit the game on level 2 of the Dungeon.
             The game lasted 00:00:53 (791 turns).

ololoev the Skirmisher (Hill Orc Fighter)            Turns: 791, Time: 00:00:54

Health: 26/33      AC:  7    Str: 19    XL:     3   Next: 8%
Magic:  3/3        EV:  9    Int:  8    God:    Fedhas [*.....]
Gold:   46         SH:  0    Dex: 10    Spells: 0 memorised, 2 levels left

rFire  . . .     SeeInvis .     a - +0 war axe
rCold  . . .     Gourm    .     b - +0 scale mail
rNeg   . . .     Faith    .     (no shield)
rPois  .         Spirit   .     (no helmet)
rElec  .         Dismiss  .     (no cloak)
rCorr  .         Reflect  .     (no gloves)
SustAt .         Harm     .     (no boots)
MR     .....                    (no amulet)
Stlth  ..........               (no ring)
                                (no ring)

@: not resistant to hostile enchantments, extremely unstealthy
A: no striking features
a: Evolution, Renounce Religion

Inventory:

Hand Weapons
 a - a +0 war axe (weapon)
Armour
 b - a +0 scale mail (worn)
Scrolls
 e - 2 scrolls of identify {unknown}
 h - a scroll of fog {unknown}
 i - a scroll of immolation {unknown}
Potions
 d - a potion of might
 g - a potion of agility {unknown}
Comestibles
 c - a beef jerky
 f - a bread ration


   Skills:
 + Level 3.9 Fighting
 * Level 3.7 Axes
 + Level 3.7 Armour
   Level 3.2 Shields


You had 2 spell levels left.
You didn't know any spells.


You were on level 2 of the Dungeon.
You worshipped Fedhas.
Fedhas was aware of your devotion.
You were not hungry.

You visited 1 branch of the dungeon, and saw 2 of its levels.

You collected 46 gold pieces.

!... .... ... .. .#
###.# ..# .. ##...##
...# .%. #.....##...#
#+ #.##..#.......#
#<#..?l..#@#......+
#.#.#.#..w#.......#
#.#.# #............ #..
#..........## #.)
#...........#
#.###.#####...........#
#.....................#
#####.#####.####......#
#######.......# ......#

Notes
Turn   | Place    | Note
--------------------------------------------------------------
     0 | D:1      | ololoev the Hill Orc Fighter began the quest for the Orb.
     0 | D:1      | Reached XP level 1. HP: 19/19 MP: 1/1
   348 | D:1      | Reached XP level 2. HP: 27/27 MP: 2/2
   774 | D:2      | Found a faded altar to an unknown god.
   781 | D:2      | Reached XP level 3. HP: 25/33 MP: 3/3
   791 | D:2      | Became a worshipper of Fedhas Madash
   791 | D:2      | Reached * piety under Fedhas
   791 | D:2      | Quit the game

Dungeon Overview and Level Annotations

Branches:
Dungeon (2/15)

Altars:
Fedhas


Message History

You see here a stone.
You see here a hobgoblin skeleton.
Key pressed, stopping explore.
Done exploring.
(D) Dungeon
Where to? (? - help)
There is a stone staircase leading down here.
You climb downwards.
There is a stone staircase leading up here.
Found a dagger.
A giant newt comes into view.
Found a stone staircase leading up.
A giant newt is nearby!
A giant newt is nearby!
The giant newt barely misses you.
You closely miss the giant newt. The giant newt bites you.
You miss the giant newt. The giant newt misses you. x2
You closely miss the giant newt.
The giant newt bites you but does no damage.
You miss the giant newt.
The giant newt bites you but does no damage.
You slash the giant newt!
You kill the giant newt!
No target in view!
No target in view!
No target in view!
No target in view!
No target in view!
No target in view!
No target in view!
An ooze comes into view.
The ooze quivers.
Found a scroll labeled JACKOU RAHOYG.
An ooze is nearby!
An ooze is nearby!
An ooze is nearby!
A rat comes into view.
Found a faded altar to an unknown god.
The ooze hits you.
You hit the ooze.
The ooze is moderately wounded.
You barely miss the rat. The ooze hits you but does no damage.
The rat closely misses you. The ooze hits you but does no damage.
You hit the ooze.
The ooze is heavily wounded.
You slash the rat!
You kill the rat!
The ooze hits you.
You hit the ooze.
The ooze is severely wounded.
The ooze hits you but does no damage.
You barely miss the ooze.
The ooze is severely wounded.
The ooze hits you but does no damage.
You hit the ooze.
You kill the ooze!
You have reached level 3!
Your experience leads to an increase in your attributes!
Increase (S)trength, (I)ntelligence, or (D)exterity?
You feel stronger.
A worm comes into view.
Found a metallic blue potion and a bread ration.
Found a scroll labeled UJIERE HUGAUTEUG.
You see here a scroll labeled JACKOU RAHOYG.
e - 2 scrolls labeled JACKOU RAHOYG (gained 1)
There is a faded altar to an unknown god here.
This altar will convert you to a god.
You cannot discern which.
Do you pray?
Okay, then.
Unknown command.
A giant newt comes into view.
Found a metallic white potion.
The worm closely misses you.
There is a faded altar to an unknown god here.
This altar will convert you to a god.
You cannot discern which.
Do you pray? Fedhas accepts your prayer! Fedhas welcomes you!
The plants of the dungeon cease their hostilities.
You can now pray to speed up the decay of corpses.
You can now induce evolution.
Are you sure you want to abandon this character and quit the game? (Confirm with "yes".)

You could see a worm.

Vanquished Creatures
  An ooze (D:2)
  A dart slug (D:1)
  A giant gecko (D:1)
  A giant cockroach (D:1)
  2 goblins (D:1)
  3 hobgoblins (D:1)
  4 bats (D:1)
  2 giant newts
  2 kobolds (D:1)
  3 rats
20 creatures vanquished.

Action                   || total
-------------------------++-------
Melee: War axe           ||    47
Armor: Scale mail        ||    27
Dodge: Dodged            ||    26

Vault maps used:
D:1:      scummos_arrival_gate
D:2:      ecumenical_altar_1, first_bread, uniq_crazy_yiuf_cottage
